 Dungeon Crawl Stone Soup version 0.28-a0-1389-gc726bef33b (webtiles) character file.

Game seed: 10570428006210731375

171480 Grim the Warrior (level 17, -3/162 HPs)
             Began as a Minotaur Berserker on Jan 3, 2022.
             Was a High Priest of Trog.
             Killed from afar by Nikola (40 damage)
             ... with an arc of chain lightning
             ... on level 2 of the Shoals.
             The game lasted 01:07:40 (39807 turns).

Grim the Warrior (Minotaur Berserker)              Turns: 39807, Time: 01:07:40

Health: -3/162     AC: 34    Str: 25    XL:     17   Next: 14%
Magic:  16/16      EV: 30    Int: 27    God:    Trog [*****.]
Gold:   1686       SH: 12    Dex: 10    Spells: 16/16 levels left

rFire   + . .      SeeInvis .   D - +8 whip of Gehenna {spect, rElec rPois Int+6 Stlth-}
rCold   . . .      Faith    .   b - +0 kite shield
rNeg    . . .      Spirit   .   i - +10 plate armour of the Exiled Mouths {rPois Str-3 Int+3 Stlth+}
rPois   +          Reflect  .   U - +1 hat
rElec   +          Harm     .   g - +0 cloak {rPois}
rCorr   .          Rampage  .   v - +0 pair of gloves
Will    ++...      NoCast   +   x - +1 pair of boots
Stlth   ..........              a - amulet "Gysynux" {Acrobat -Cast +Inv rF+ Str+4}
HPRegen 0.37/turn               t - ring "Raedoel Tiku" {Will+ Int+8}
MPRegen 0.15/turn               R - +4 ring of evasion

@: lethally poisoned (-3 -> -5), acrobatic, studying Maces & Flails
A: horns 2, retaliatory headbutt
}: 1/15 runes: barnacled
a: Renounce Religion, Evoke Invisibility, Berserk, Trog's Hand, Brothers in Arms


You were on level 2 of the Shoals.
You worshipped Trog.
Trog was extremely pleased with you.
You visited 4 branches of the dungeon, and saw 27 of its levels.
You also visited: Bailey.

You collected 3514 gold pieces.
You spent 1828 gold pieces at shops.

Inventory:

Hand Weapons
 D - the +8 whip of Gehenna (weapon) {spect, rElec rPois Int+6 Stlth-}
   (You found it on level 6 of the Dungeon)

   When its wielder attacks, the weapon's spirit leaps out and strikes again.
   The spirit shares a part of any damage it takes with its wielder.
   Int:       It affects your intelligence (+6).
   rElec:     It insulates you from electricity.
   rPois:     It protects you from poison.
   Stlth:     It makes you less stealthy.
 G - the +7 great mace "Kierphiph" {freeze, Dex+3}
   (You acquired it on level 12 of the Dungeon)

   It freezes those it strikes, dealing additional cold damage.
   It can also slow down cold-blooded creatures.
   Dex:       It affects your dexterity (+3).
Missiles
 j - 21 poisoned darts (quivered)
 m - 4 throwing nets
 n - 3 silver boomerangs
 r - 22 boomerangs
 O - 9 silver javelins
 X - 7 javelins
Armour
 b - a +0 kite shield (worn)
 g - a +0 cloak of poison resistance (worn)
 i - the +10 plate armour of the Exiled Mouths (worn) {rPois Str-3 Int+3 Stlth+}
   (You found it on level 1 of the Shoals)

   Str:       It affects your strength (-3).
   Int:       It affects your intelligence (+3).
   rPois:     It protects you from poison.
   Stlth:     It makes you more stealthy.
 v - a +0 pair of gloves (worn)
 x - a +1 pair of boots (worn)
 P - a +3 plate armour of cold resistance
 T - quicksilver dragon scales
 U - a +1 hat (worn)
Jewellery
 a - the amulet "Gysynux" (around neck) {Acrobat -Cast +Inv rF+ Str+4}
   (You bought it in a shop on level 1 of the Shoals)

   [amulet of the acrobat]

   It increases your evasion while moving and waiting.
   Str:       It affects your strength (+4).
   rF:        It protects you from fire.
   +Inv:      It lets you turn invisible.
   -Cast:     It prevents spellcasting.
 t - the ring "Raedoel Tiku" (left hand) {Will+ Int+8}
   (You found it on level 3 of the Dungeon)

   [ring of willpower]

   Int:       It affects your intelligence (+8).
   Will:      It increases your willpower.
 R - a +4 ring of evasion (right hand)
 W - a ring of resist corrosion
 Y - a ring of see invisible
Wands
 o - a wand of polymorph (9)
 u - a wand of mindburst (24)
 w - a wand of charming (13)
 C - a wand of flame (28)
 K - a wand of acid (9)
 M - a wand of paralysis (3)
 Q - a wand of iceblast (5)
 V - a wand of digging (7)
Scrolls
 e - 4 scrolls of enchant armour
 f - 4 scrolls of teleportation
 h - a scroll of identify
 y - 4 scrolls of immolation
 A - 3 scrolls of magic mapping
 B - a scroll of summoning
 E - 5 scrolls of vulnerability
 H - 3 scrolls of fog
 I - 8 scrolls of enchant weapon
Potions
 c - 4 potions of haste
 d - 2 potions of invisibility
 l - 8 potions of curing
 p - a potion of resistance {unknown}
 q - 6 potions of lignification
 s - a potion of might {unknown}
 z - 2 potions of heal wounds
 F - 2 potions of flight {unknown}
 J - a potion of berserk rage
 L - 5 potions of attraction
 S - 4 potions of magic {unknown}
 Z - 4 potions of mutation {unknown}
Miscellaneous
 k - a condenser vane
 N - a phantom mirror


   Skills:
 - Level 17.6 Fighting
 - Level 16.6 Maces & Flails
 - Level 11.3 Throwing
 + Level 15.6 Armour
 - Level 12.0 Dodging
 + Level 15.1 Shields
 - Level 7.0 Evocations


You had 16 spell levels left.
You didn't know any spells.
Your spell library was empty.

Dungeon Overview and Level Annotations

Branches:
Dungeon (15/15)            Temple (0/1) D:5            Lair (6/6) D:9
 Shoals (4/4) Lair:4       Spider (0/4) Lair:4        Slime (0/5) Lair:5
    Orc (2/2) D:9             Elf (0/3) Orc:2        Depths (0/4) D:15
 Bailey (visited)
 Vaults: D:13-14

Altars:
Fedhas
Gozag
Sif Muna
Trog
Uskayaw
Wu Jian
Xom
Yredelemnul
Beogh
Jiyva

Shops:
D:7 *:?   D:11 *?   D:12 !   Orc:1 :   Orc:2 (*=[   Shoals:1 !![(=

Annotations:
D:5 2 runed translucent doors
D:15 3 runed translucent doors, Ytiohuf's ghost, journeyman GrEE
Lair:5 1 runed translucent door
Shoals:2 Aizul; Ilsuiw; Nikola; Polyphemus


Innate Abilities, Weirdness & Mutations

You have a pair of horns on your head.
You reflexively headbutt those who attack you in melee.


Message History

You feel sick. Aizul barely misses you. You furiously retaliate!
You headbutt Aizul, but do no damage. Something hits you!
* * * LOW HITPOINT WARNING * * *
Something freezes you.
* * * LOW HITPOINT WARNING * * *
Your merfolk misses Aizul. You barely miss Aizul. Your headbutt misses Aizul.
Aizul is heavily wounded.
Your +8 whip of Gehenna {spect, rElec rPois Int+6 Stlth-} misses Aizul.
You feel sick.
The manticore flicks its tail.
The volley of spikes misses you.
Your wind drake exhales a fierce blast of wind!
The water nymph and the merfolk are blown away by the wind.
Aizul hits you!
* * * LOW HITPOINT WARNING * * *
Unknown command.
You feel much better.
Your surroundings suddenly seem different.
Splash!
A death yak, a catoblepas, a merfolk siren and Nikola come into view.
Nikola is wielding a +0 rapier of electrocution and wearing a +1 cloak of willpower.
Found 12 arrows and a potion of heal wounds.
Found a stone staircase leading down.
You feel sick.
Nikola shouts!
The catoblepas bellows!
The death yak bellows!
Something shouts, "Attack, my pets!
Attack!"
Nikola mumbles some strange words.
Nikola blinks!
The merfolk siren chants a haunting song.
You easily resist.
You feel sick.
The merfolk siren chants a haunting song.
You easily resist.
You feel sick.
Polyphemus the Watchful Shepherd comes into view.
You feel sick.
Nikola casts a spell.
Lightning arcs from Nikola's hands!
The bolt of lightning hits you!!! You resist.
You die...

≈≈ #..≈≈≈≈..# ≈≈.
#..≈≈≈≈≈..
≈≈..###..≈≈≈≈≈≈.
≈≈≈≈..≈≈≈≈......
(≈C≈≈..≈≈......#
.≈≈≈YY≈≈≈m.# .###
.≈≈≈P≈.P≈..##.....
...≈P≈≈..≈....≈≈≈.
..P!≈≈≈P≈≈@..≈≈≈≈.
...P≈≈≈≈≈..>@≈≈≈≈.
....P≈≈P≈≈≈≈≈≈≈≈≈≈ .
....PPPP≈≈≈≈≈≈≈≈≈≈
..#.......≈P≈P≈≈≈≈≈≈≈≈≈≈
....≈≈....P≈≈≈≈≈≈≈≈≈≈≈≈≈
.≈≈≈≈≈.##..≈≈≈≈≈≈≈......
≈≈≈≈...###.≈≈≈P≈≈≈.#####
≈≈≈≈≈≈≈≈.≈


You could see Nikola, a death yak, a catoblepas and a merfolk siren.

Vanquished Creatures
  Mara (Shoals:4)
  Saint Roka (Orc:2)
  Bai Suzhen (Shoals:4)
  4 krakens
  Donald (Shoals:4)
  Louise (Shoals:1)
  The ghost of fritzmikael the Fighter, a journeyman NaFE of Vehumet (Lair:3)
  A minotaur (Lair:3)
  Josephine (Orc:1)
  7 merfolk impalers
  3 merfolk javelineers
  A fire dragon (D:12)
  10 hydras
  A merfolk avatar (Shoals:3)
  5 boulder beetles
  7 centaur warriors
  4 catoblepae
  2 death knights
  7 two-headed ogres
  3 satyrs
  A two-headed ogre (shapeshifter) (D:10)
  9 death yaks
  A merfolk aquamancer (Shoals:4)
  Urug (D:12)
  An orc high priest (Orc:2)
  3 skeletal warriors
  7 sea snakes
  A glowing orange brain (Shoals:3)
  3 flayed ghosts
  3 orc knights
  A lindwurm (Lair:5)
  2 wizards
  20 harpies
  A phantasmal warrior (D:10)
  A deep elf zephyrmancer (D:15)
  2 orc sorcerers
  A necromancer (D:15)
  12 cyclopes
  2 oklob plants (Lair:4)
  9 ugly things
  15 manticores
  A moth of wrath (shapeshifter) (D:14)
  14 fauns
  3 merfolk sirens
  13 elephants
  9 black mambas
  A gargoyle (D:11)
  10 cane toads
  A naga mage (D:15)
  4 water nymphs
  2 rime drakes
  An efreet (D:13)
  10 komodo dragons
  A freezing wraith (D:12)
  4 tengu conjurers (D:15)
  26 merfolk
  2 hornets
  A polar bear (Lair:3)
  A meliai (D:12)
  7 trolls
  Prince Ribbit (D:5)
  20 blink frogs
  3 wind drakes
  22 dream sheep
  A raiju (shapeshifter) (D:13)
  4 slime creatures
  11 snapping turtles
  A meliai zombie (D:15)
  5 water elementals
  The ghost of Stonecrops the Shield-Bearer, an amateur VSFi of Uskayaw (D:4)
  A centaur simulacrum (D:15)
  3 wyverns
  3 shadows
  2 vampires
  10 wraiths
  37 yaks
  3 basilisks
  2 vampire mosquitoes (D:15)
  A steam dragon (Lair:3)
  3 acid dragons
  A warg (Orc:2)
  24 water moccasins
  20 orc warriors
  3 sky beasts
  4 ice beasts
  A hornet zombie (D:9)
  18 wolves
  17 centaurs
  3 ogres
  2 phantoms (D:5)
  3 scorpions
  21 bullfrogs
  A wyvern zombie (D:5)
  2 gnoll sergeants
  4 killer bees (D:9)
  7 electric eels
  8 howler monkeys
  A bullfrog zombie (D:5)
  5 centaur zombies
  18 orc priests
  2 hounds
  A jelly (D:8)
  2 gnoll shamans
  25 orc wizards
  4 iguanas
  2 hell rats (Lair:5)
  2 hound zombies (D:5)
  A howler monkey zombie (D:6)
  24 gnolls
  7 adders
  9 river rats (Lair:5)
  A white imp (D:5)
  An adder skeleton (D:4)
  2 worms
  2 dart slugs (D:1)
  59 orcs
  4 endoplasms
  4 giant cockroaches
  10 hobgoblins
  6 jackals (D:3)
  5 kobolds
  3 quokkas
  7 ball pythons
  3 bats
  2 frilled lizards
  9 goblins
  8 rats
  15 tentacles
786 creatures vanquished.

Vanquished Creatures (collateral kills)
  4 skeletal warriors (D:15)
  An orc knight (Orc:2)
  An orc sorcerer (Orc:2)
  A merfolk siren (Shoals:2)
  A cane toad (Lair:3)
  A yak (Lair:6)
  4 orc warriors (Orc:2)
  4 wolves (Lair:6)
  A bullfrog (Lair:3)
  2 orc priests (Orc:2)
  3 orc wizards (Orc:2)
  An orc (Orc:2)
24 creatures vanquished.

Vanquished Creatures (others)
  A bush (Lair:3)
  44 fungi
  123 plants
  29 tentacles
197 creatures vanquished.

Grand Total: 1007 creatures vanquished

Notes
Turn   | Place    | Note
-------+----------+-------------------------------------------
     0 | D:1      | Grim the Minotaur Berserker began the quest for the Orb.
     0 | D:1      | Reached XP level 1. HP: 19/19 MP: 0/0
   331 | D:1      | Reached XP level 2. HP: 21/26 MP: 1/1
  1017 | D:2      | Reached skill level 5 in Maces & Flails
  1017 | D:2      | Reached XP level 3. HP: 27/31 MP: 2/2
  1272 | D:2      | Found a shimmering altar of Xom.
  1662 | D:2      | Reached ** piety under Trog
  1881 | D:3      | Reached XP level 4. HP: 39/39 MP: 3/3
  2023 | D:3      | Found a hide-covered altar of Uskayaw.
  2151 | D:3      | Found a faded altar of an unknown god.
  2310 | D:3      | Reached XP level 5. HP: 45/45 MP: 4/4
  2592 | D:3      | Identified the ring "Raedoel Tiku" {Will+ Int+8}
  2801 | D:4      | Noticed an ice beast
  2808 | D:4      | Killed an ice beast
  2850 | D:4      | Reached XP level 6. HP: 51/51 MP: 5/5
  2944 | D:4      | Noticed Stonecrops's ghost (amateur VSFi)
  3048 | D:4      | Found a transporter.
  3050 | D:4      | Found a transporter.
  3479 | D:4      | Reached *** piety under Trog
  3763 | D:4      | Found an opulent altar of Gozag.
  4013 | D:4      | Killed Stonecrops's ghost
  4014 | D:4      | Reached skill level 10 in Maces & Flails
  4014 | D:4      | Reached XP level 7. HP: 57/57 MP: 6/6
  4079 | D:5      | Entered Level 5 of the Dungeon
  4096 | D:5      | Found a staircase to the Ecumenical Temple.
  4244 | D:5      | Noticed Prince Ribbit
  4348 | D:5      | Killed Prince Ribbit
  4349 | D:5      | Reached XP level 8. HP: 54/64 MP: 7/7
  4955 | D:5      | Found a runed translucent door.
  4957 | D:5      | Found a runed translucent door.
  5083 | D:6      | Identified the +8 whip of Gehenna {spect, rElec rPois Int+6
                  | Stlth-}
  5326 | D:6      | Reached XP level 9. HP: 53/70 MP: 8/8
  5747 | D:7      | Reached skill level 15 in Maces & Flails
  5773 | D:7      | Found Rutat's Book Shop.
  5815 | D:7      | Found Engaid's Magic Scroll Shop.
  5975 | D:7      | Found Hamual's General Store.
  6028 | D:7      | Found a basalt altar of Yredelemnul.
  6216 | D:7      | You fall into a shaft and drop 1 floor!
  6415 | D:8      | Reached skill level 4 in Fighting
  6416 | D:8      | Reached **** piety under Trog
  6437 | D:8      | Noticed a two-headed ogre
  6443 | D:8      | Killed a two-headed ogre
  6444 | D:8      | Reached skill level 5 in Fighting
  6444 | D:8      | Reached XP level 10. HP: 81/81 MP: 9/9
  6558 | D:8      | Found a flagged portal.
  6581 | Bailey   | Entered a bailey
  7193 | D:8      | Reached skill level 5 in Armour
  7273 | D:9      | Found a staircase to the Orcish Mines.
  7274 | D:9      | Noticed a cyclops
  7320 | D:9      | Reached skill level 6 in Fighting
  7326 | D:9      | Killed a cyclops
  7551 | D:9      | Found a bloodstained altar of Trog.
  7680 | D:9      | Paralysed by a centaur for 6 turns
  7698 | D:9      | Reached skill level 7 in Fighting
  8429 | D:9      | Found an ornate altar of the Wu Jian Council.
  8464 | D:9      | Found a staircase to the Lair.
  9183 | D:10     | Entered Level 10 of the Dungeon
  9211 | D:9      | Reached skill level 8 in Fighting
  9451 | D:10     | Noticed a centaur warrior
  9455 | D:10     | Killed a centaur warrior
  9456 | D:10     | Reached skill level 9 in Fighting
  9479 | D:10     | Noticed an orc knight
  9479 | D:10     | Noticed a cyclops
  9760 | D:10     | Killed a cyclops
  9761 | D:10     | Reached XP level 11. HP: 85/97 MP: 10/10
  9822 | D:10     | Killed an orc knight
 10074 | D:10     | Noticed a death knight
 10074 | D:10     | Noticed a skeletal warrior
 10074 | D:10     | Noticed a phantasmal warrior
 10074 | D:10     | Noticed a phantasmal warrior
 10151 | D:10     | Noticed a two-headed ogre
 10157 | D:10     | Killed a two-headed ogre
 10166 | D:10     | Noticed a flayed ghost
 10191 | D:10     | Killed a flayed ghost
 10192 | D:10     | Reached skill level 10 in Fighting
 10207 | D:10     | Noticed a flayed ghost
 10216 | D:10     | Killed a flayed ghost
 10217 | D:10     | Reached skill level 10 in Armour
 10738 | D:10     | Killed a death knight
 10739 | D:10     | Reached skill level 11 in Fighting
 10743 | D:10     | Killed a phantasmal warrior
 10983 | D:10     | Killed a skeletal warrior
 10984 | D:10     | Reached skill level 1 in Throwing
 11242 | D:10     | Found a blossoming altar of Fedhas.
 11410 | Lair:1   | Entered Level 1 of the Lair of Beasts
 11422 | Lair:1   | Noticed a five-headed hydra
 11428 | Lair:1   | Killed a five-headed hydra
 11685 | Lair:1   | Reached skill level 5 in Dodging
 11690 | Lair:1   | Reached XP level 12. HP: 108/110 MP: 11/11
 12255 | Lair:2   | Reached skill level 5 in Throwing
 12890 | Lair:2   | Reached ***** piety under Trog
 13719 | Lair:3   | Noticed a minotaur
 13719 | Lair:3   | Noticed fritzmikael's ghost (journeyman NaFE)
 14217 | Lair:3   | Found a runed translucent gate.
 14217 | Lair:3   | Found a runed translucent gate.
 14217 | Lair:3   | Found a runed translucent gate.
 14529 | Lair:3   | Killed fritzmikael's ghost
 14530 | Lair:3   | Reached XP level 13. HP: 91/116 MP: 12/12
 14536 | Lair:3   | Killed a minotaur
 14537 | Lair:3   | Reached skill level 10 in Dodging
 15329 | Lair:4   | Found a hole to the Spider Nest.
 15966 | Lair:4   | Reached skill level 10 in Throwing
 16517 | Lair:4   | Found a staircase to the Shoals.
 18185 | Lair:5   | Found a runed translucent door.
 18185 | Lair:5   | Found a viscous altar of Jiyva.
 18540 | Lair:5   | Found a staircase to the Slime Pits.
 18935 | Lair:6   | Entered Level 6 of the Lair of Beasts
 18961 | Lair:6   | Received a gift from Trog
 19730 | Lair:6   | Reached skill level 12 in Fighting
 19780 | Lair:6   | Reached skill level 1 in Evocations
 19963 | Lair:6   | Reached XP level 14. HP: 103/126 MP: 13/13
 20872 | Lair:5   | Reached skill level 13 in Fighting
 21707 | Lair:6   | Reached skill level 5 in Evocations
 22526 | D:11     | Found Funa's Magic Scroll Shop.
 22721 | D:11     | Identified a scroll of acquirement
 22721 | D:11     | Acquired 1136 gold pieces
 22942 | D:11     | Bought a scroll of acquirement for 780 gold pieces
 22942 | D:11     | Acquired a manual of Maces & Flails
 23118 | D:11     | Reached skill level 14 in Fighting
 23197 | D:11     | Found Edust's Overcharged Wands.
 24239 | D:12     | Found Nuesupn's Distillery.
 25286 | D:12     | Noticed Urug
 25298 | D:12     | Killed Urug
 25546 | D:12     | Reached skill level 1 in Shields
 25626 | D:12     | Acquired the +7 great mace "Kierphiph" {freeze, Dex+3}
 25765 | D:12     | Reached skill level 15 in Fighting
 26731 | D:13     | Reached XP level 15. HP: 140/141 MP: 14/14
 27115 | D:13     | Reached skill level 5 in Shields
 28123 | D:14     | Identified the +0 ring mail "Ytsicsao" {rC+ Int+5}
 28300 | D:15     | Entered Level 15 of the Dungeon
 28434 | D:15     | Reached skill level 16 in Fighting
 28793 | D:15     | Found a staircase to the Depths.
 29674 | D:15     | Found a runed translucent gate.
 29675 | D:15     | Found a runed translucent gate.
 29676 | D:15     | Found a runed translucent gate.
 29676 | D:15     | Identified the +9 plate armour "Piviloom" {Will+ Dex+3}
 29676 | D:15     | Identified the +2 tower shield of Slovenliness {+Inv
                  | Slay+2}
 29676 | D:15     | Noticed an orc warlord
 29677 | D:15     | Noticed Ytiohuf's ghost (journeyman GrEE)
 30028 | Orc:1    | Entered Level 1 of the Orcish Mines
 30030 | Orc:1    | Noticed Josephine
 30041 | Orc:1    | Killed Josephine
 30042 | Orc:1    | Reached skill level 17 in Fighting
 30118 | Orc:1    | Found Hium Nui's Book Boutique.
 30404 | Orc:2    | Entered Level 2 of the Orcish Mines
 30684 | Orc:2    | Found a staircase to the Elven Halls.
 30812 | Orc:2    | Noticed Saint Roka
 32010 | Orc:2    | Killed Saint Roka
 32414 | Orc:2    | Reached skill level 10 in Shields
 32982 | Orc:2    | Found Cummeusa's General Store.
 33230 | Orc:2    | Found Ihoim's Jewellery Shop.
 33267 | Orc:2    | Found Zinwic's Antique Armour Shop.
 33281 | Orc:2    | Found Teromom's Antique Weapon Shop.
 33462 | Shoals:1 | Entered Level 1 of the Shoals
 33462 | Shoals:1 | Found Afopopn's Antique Armour Emporium.
 33464 | Shoals:1 | Found Ontez's Distillery.
 33529 | Shoals:1 | Found Eselingusy's Antique Weapon Emporium.
 33540 | Shoals:1 | Found Mivvyamp's Jewellery Boutique.
 33541 | Shoals:1 | Identified the +10 plate armour of the Exiled Mouths {rPois
                  | Str-3 Int+3 Stlth+}
 33562 | Shoals:1 | Bought the amulet "Gysynux" {Acrobat -Cast +Inv rF+ Str+4}
                  | for 1048 gold pieces
 33680 | Shoals:1 | Found Fiaryih's Distillery.
 34077 | Shoals:1 | Noticed a kraken
 34105 | Shoals:1 | Killed a kraken
 34294 | Shoals:1 | Noticed a kraken
 34322 | Shoals:1 | Killed a kraken
 34330 | Shoals:1 | Noticed a kraken
 34822 | Shoals:1 | Found a shimmering blue altar of Sif Muna.
 34827 | Shoals:1 | Noticed a kraken
 34847 | Shoals:1 | Killed a kraken
 34848 | Shoals:1 | Reached XP level 16. HP: 86/156 MP: 15/15
 35131 | Shoals:1 | Noticed Louise
 35143 | Shoals:1 | Killed Louise
 35747 | Shoals:2 | Noticed Ilsuiw
 35755 | Shoals:2 | Noticed Aizul
 36983 | Shoals:3 | Noticed a kraken
 37005 | Shoals:3 | Killed a kraken
 37354 | Shoals:4 | Entered Level 4 of the Shoals
 38096 | Shoals:4 | Noticed Mara
 38108 | Shoals:4 | Noticed Grim's illusion
 38136 | Shoals:4 | Killed Mara
 38430 | Shoals:4 | Noticed Donald
 38452 | Shoals:4 | Killed Donald
 38474 | Shoals:4 | Noticed Bai Suzhen
 38502 | Shoals:4 | Killed Bai Suzhen
 38977 | Shoals:4 | Reached skill level 15 in Armour
 38998 | Shoals:4 | Got a barnacled rune of Zot
 39060 | Shoals:4 | Received a gift from Trog
 39061 | Shoals:4 | Reached XP level 17. HP: 103/162 MP: 16/16
 39415 | Shoals:4 | Identified the +4 morningstar of Punishment {holy, Int+4
                  | Dex+4}
 39628 | Shoals:4 | Reached skill level 15 in Shields
 39804 | Shoals:2 | Noticed Nikola
 39806 | Shoals:2 | Noticed Polyphemus
 39807 | Shoals:2 | Killed from afar by Nikola

Illustrated notes

Levels and vault maps discovered:
D:1:      psy_arrival_statuary, layout_basic
D:2:      layout_loops_ring, basic_altar
D:3:      layout_basic, nicolae_uskayaw_murder_on_the_dancefloor,
          chequers_ecumenical_altar_simple
D:4:      minmay_spotlight, layout_loops_corners, nicolae_gozag_seed_capital,
          gammafunk_ghost_arena
D:5:      lemuel_insect_pit, layout_basic, minmay_temple_entry_tees,
          uniq_prince_ribbit1
D:6:      layout_basic, serial_bayou_pond_e, lemuel_old_faithful
D:7:      layout_loops_ring, mainiacjoe_overflow_alcove_2, serial_shops, shop,
          nicolae_inconvenience_store, nicolae_shop_crystal,
          nicolae_shop_hallway_plus, chequers_decorated_corner,
          minmay_strange_pillars
D:8:      layout_loops_ring, enter_bailey_5
D:9:      layout_basic, nicolae_overflow_hidden_temple,
          nicolae_wu_jian_immortal_techniques, lair_entry_dummy, orc_david_3
D:10:     minmay_sliced_demisemicircle, layout_gridville, fedhas_altar_1
D:11:     layout_stronghold, serial_shops, nicolae_shop_behind_doors,
          abandoned_shop, nicolae_shop_overcharged_wands
D:12:     layout_small_grid, serial_shops, nicolae_shop_waterfront, uniq_urug
D:13:     minmay_ambush_box, layout_cave_pools
D:14:     layout_cave_pods, grunt_vaults_entry_tiered
D:15:     grunt_enter_depths_magical_seal, layout_long_grid,
          chequers_serial_rivers_large_b, biasface_ghost_orc_armoury
Lair:1:   layout_gridlike, minmay_hedge_maze
Lair:2:   layout_small_grid, lemuel_fruit_tree, grunt_megastairs_3
Lair:3:   layout_loops_ring, maelrawn_ghost_gauntlet_escape
Lair:4:   minmay_lair_oklob_chamber, layout_cave_pods, minmay_shoals_entry_hut,
          dummy_spider_entry
Lair:5:   layout_gridlike, slime_altar_2, kennysheep_rathole
Lair:6:   evilmike_catoblepas_cave, layout_concentric_octagons, serial_bayou,
          serial_bayou_pond_a, serial_bayou_pond_c, serial_bayou_lake_a,
          serial_bayou_shore_b, serial_bayou_shore_b, st_stairs_3
Shoals:1: nicolae_shoals_lighthouse, layout_shoals, serial_shops,
          nicolae_shop_window_shopping, shop_statue, shop_fountains,
          nicolae_diamond_shop, shop, wheals_shoals_ruined_temple, uniq_louise
Shoals:2: layout_shoals, uniq_aizul, uniq_nikola, uniq_polyphemus, uniq_ilsuiw
Shoals:3: layout_shoals
Shoals:4: shoals_end_simple, layout_shoals, uniq_donald, uniq_bai_suzhen,
          uniq_mara
Orc:1:    layout_caves, serial_shops, shop_statue, uniq_josephine
Orc:2:    grunt_orc_cross, layout_diamond_mine

Skill      XL: |  1  2  3  4  5  6  7  8  9 10 11 12 13 14 15 16 17 |
---------------+----------------------------------------------------+-----
Maces & Flails | 4 5 6 7 8 10 12 14 16 | 16.6
Fighting       | 5 9 11 12 15 17 | 17.6
Armour         | 4 8 10 11 15 | 15.6
Throwing       | 4 8 11 | 11.3
Dodging        | 5 9 12 | 12.0
Evocations     | 2 7 |  7.0
Shields        | 4 10 14 15 | 15.1

Action                   |  1- 3 |  4- 6 |  7- 9 | 10-12 | 13-15 | 16-18 || total
-------------------------+-------+-------+-------+-------+-------+-------++-------
Melee: Mace              |    67 |    32 |       |       |       |       ||    99
       Headbutt          |     8 |    19 |    43 |   106 |   304 |   136 ||   616
       Whip              |       |    85 |   229 |   510 |  1229 |   529 ||  2582
Throw: Boomerang         |       |       |       |    16 |       |       ||    16
       Dart              |       |       |       |       |    47 |    10 ||    57
       Javelin           |       |       |       |       |    12 |       ||    12
Invok: Berserk           |     1 |     5 |     5 |     6 |     7 |     4 ||    28
       Trog's Hand       |       |     2 |     2 |     2 |     6 |     5 ||    17
       Brothers in Arms  |       |       |       |     2 |     7 |     2 ||    11
Evoke: Wand              |       |       |       |       |     9 |    20 ||    29
  Use: Scroll            |       |       |       |    13 |    16 |     8 ||    37
       Potion            |       |       |       |       |     1 |     2 ||     3
 Stab: Distracted        |       |       |       |     4 |    19 |     9 ||    32
       Invisible         |       |       |       |       |       |     1 ||     1
Armor: Animal skin       |     6 |       |       |       |       |       ||     6
       Ring mail         |    24 |    34 |    28 |       |       |       ||    86
       Plate armour      |       |       |    28 |   116 |    54 |   224 ||   422
       Quicksilver drago |       |       |       |    26 |   291 |       ||   317
Dodge: Dodged            |    41 |    49 |    72 |   140 |   598 |   307 ||  1207
Block: Other             |       |       |    17 |    54 |    25 |       ||    96
       Reflection        |       |       |       |     1 |    37 |       ||    38
       Kite shield       |       |       |       |       |   531 |   299 ||   830

Table legend: (Time is in decaauts)
 A = Elapsed time spent in this place.
 B = Non-inter-level travel time spent in this place.
 C = Inter-level travel time spent in this place.
 D = Time resting spent in this place.
 E = Time spent auto-exploring this place.
 F = Levels seen in this place.
 G = Mean time per level.
                   A        B        C        D        E       F      G
               +--------+--------+--------+--------+--------+-----+--------+
         Total |  39388 |  37755 |   1633 |  14160 |  18008 |  28 | 1406.7 |
       Dungeon |  19279 |  18429 |    850 |   6291 |   9609 |  15 | 1285.3 |
          Lair |  10560 |   9944 |    616 |   3416 |   5195 |   6 | 1760.0 |
        Shoals |   6288 |   6187 |    101 |   2670 |   2245 |   4 | 1572.0 |
  Orcish Mines |   3239 |   3174 |     65 |   1782 |    958 |   2 | 1619.5 |
        Bailey |     20 |     20 |      0 |      0 |      0 |   1 |   20.0 |
               +--------+--------+--------+--------+--------+-----+--------+

Top non-repeatable levels by time:
    D:12: 2820 daAuts
     D:9: 2672 daAuts
  Lair:4: 2478 daAuts
  Lair:5: 2396 daAuts
  Lair:6: 2105 daAuts
Shoals:4: 2054 daAuts
Shoals:3: 1931 daAuts
Shoals:1: 1899 daAuts
    D:11: 1704 daAuts
    D:10: 1684 daAuts
   Orc:2: 1647 daAuts
   Orc:1: 1591 daAuts
    D:15: 1518 daAuts
  Lair:3: 1420 daAuts
     D:4: 1406 daAuts
